 Dungeon Crawl Stone Soup version 0.18.1-6-gd335043 (webtiles) character file.

43 stauk the Cutter (level 3, 0/22 HPs)
             Began as a Kobold Skald on May 16, 2016.
             Succumbed to an adder's poison
             ... on level 1 of the Dungeon.
             The game lasted 00:24:53 (1456 turns).

stauk the Cutter (Kobold Skald)                     Turns: 1456, Time: 00:24:54

Health: 0/22       AC:  4    Str: 10    XL:     3   Next: 82%
Magic:  6/6        EV: 14    Int: 11    God:
Gold:   80         SH:  0    Dex: 15    Spells: 3 memorised, 0 levels left

rFire  . . .     SeeInvis .     g - +0 dagger
rCold  . . .     Gourm    .     b - +0 leather armour
rNeg   . . .     Faith    .     (shield restricted)
rPois  .         Spirit   .     (no helmet)
rElec  .         Dismiss  .     (no cloak)
rCorr  .         Reflect  .     (no gloves)
SustAt .         Harm     .     l - +0 pair of boots
MR     .....                    r - amulet of magic regeneration
Stlth  ++........               (no ring)
                                (no ring)

@: lethally poisoned (0 -> -9), very slightly contaminated, not resistant to
hostile enchantments, unstealthy
A: carnivore 3
a: no special abilities


You were on level 1 of the Dungeon.
You were full.

You visited 1 branch of the dungeon, and saw 2 of its levels.

You collected 80 gold pieces.

Inventory:

Hand Weapons
 a - a +0 short sword
 g - a +0 dagger (weapon)
 i - a +0 hunting sling
 j - a +0 club
 m - a +0 club
 n - a cursed +0 hunting sling
 o - a +0 whip
 p - a +0 whip
 t - a +0 club
 v - a +0 spear
Missiles
 h - 16 arrows
 q - 2 stones (quivered)
 u - 7 needles of paralysis
Armour
 b - a +0 leather armour (worn)
 e - a +0 buckler
 l - a +0 pair of boots (worn)
Jewellery
 r - an amulet of magic regeneration (around neck)
Scrolls
 k - a scroll of magic mapping {unknown}
Potions
 f - 3 potions of curing {unknown}
 s - a potion of degeneration {unknown}
Books
 c - a book of Battle

   Spells                             Type                      Level
   a - Infusion                       Charms                       1
   b - Shroud of Golubria             Charms/Translocation         2
   c - Song of Slaying                Charms                       2
   d - Spectral Weapon                Hexes/Charms                 3
   e - Regeneration                   Charms/Necromancy            3
Comestibles
 d - a meat ration


   Skills:
 * Level 2.5 Fighting
 - Level 2.9 Short Blades
 - Level 0.7 Throwing
 - Level 0.7 Armour
 - Level 1.5 Dodging
 - Level 1.1 Stealth
 - Level 0.8 Unarmed Combat
 * Level 2.4 Spellcasting
 + Level 0.2 Hexes
 + Level 2.5 Charms
 + Level 0.4 Translocations


You couldn't memorise any spells.
You knew the following spells:

 Your Spells              Type           Power        Failure   Level  Hunger
a - Infusion              Chrm           #...         14%         1    ##.....
b - Shroud of Golubria    Chrm/Tloc      #.........   34%         2    ###....
c - Spectral Weapon       Hex/Chrm       #.......     78%         3    ####...


Dungeon Overview and Level Annotations

Branches:
Dungeon (2/15)

Altars:

Annotations:
D:2 Natasha


Innate Abilities, Weirdness & Mutations

You are small and have problems with some larger weapons.
You are carnivorous and can eat meat at any time.


Message History

The adder bites you.
* * * LOW HITPOINT WARNING * * *
You are more poisoned.
The adder poisons you!
You hit the adder.
The adder is heavily wounded.
* * * LOW HITPOINT WARNING * * *
You feel sick. The adder bites you but does no damage.
You hit the adder.
The adder is severely wounded.
* * * LOW HITPOINT WARNING * * *
You feel sick. The adder completely misses you. The adder misses you.
You hit the adder.
The adder is almost dead.
The adder misses you.
You hit the adder.
You kill the adder!
* * * LOW HITPOINT WARNING * * *
You feel sick.
You die...

#.# #.......................#
#.#######.##....######.####.#
#.........##..............#.#
#########.#...............#.#
#.................#.#
#####.#...........#.#
#.#...........#.#
#####.#.####+#+####.#
#...@..........####.#
#.###>............... #.#
########...####.# #.#
#...##.## #.# #.# #...##.#
#.# #.# #...##.# #.# #.#
#...##'#####.# #.#
#............# ###.#
#............#


There were no monsters in sight!

Vanquished Creatures
  An adder (D:1)
  3 oozes (D:1)
  A dart slug (D:1)
  A ball python (D:1)
  A giant cockroach (D:1)
  4 goblins (D:1)
  3 hobgoblins (D:1)
  A bat (D:1)
  A giant newt (D:1)
  2 kobolds (D:1)
  A rat (D:1)
19 creatures vanquished.

Notes
Turn   | Place    | Note
--------------------------------------------------------------
     0 | D:1      | stauk the Kobold Skald began the quest for the Orb.
     0 | D:1      | Reached XP level 1. HP: 12/12 MP: 3/3
   351 | D:1      | Reached XP level 2. HP: 12/17 MP: 5/5
   404 | D:1      | Reached skill level 1 in Stealth
   620 | D:1      | Reached XP level 3. HP: 19/21 MP: 6/6
   624 | D:1      | Learned a level 2 spell: Shroud of Golubria
   630 | D:1      | Learned a level 3 spell: Spectral Weapon
  1432 | D:2      | Noticed Natasha
  1455 | D:1      | HP: 1/22 [poisoned by an adder]
  1456 | D:1      | Succumbed to an adder's poison

Skill      XL: |  1  2 |
---------------+-------+-----
Stealth        | 1 |  1.1
Fighting       | |  2.5
Short Blades   | |  2.9
Throwing       | |  0.7
Armour         | |  0.7
Dodging        | |  1.5
Unarmed Combat | |  0.8
Spellcasting   | |  2.4
Hexes          | |  0.2
Charms         | |  2.5
Translocations | |  0.4

Action                   || total
-------------------------++-------
Melee: Dagger            ||   107
       Short sword       ||     6
 Cast: Shroud of Golubri ||     1
  Eat: Chunk             ||     7
Armor: Leather armour    ||    21
Dodge: Dodged            ||    71
